AoeStats
← no one

Arena

507274128Analyzed
1v1 RM · 15d ago on Sep 17, 2026· 46m 38s· 2 players
Game mode
Random Map
Map size
Tiny (2 player)
Population
200
Speed
Normal
Resources
Standard
Victory
Conquest
Starting age
Dark Age
Ending age
Imperial Age
RankedLock teamsTeams togetherTeam positionsShared explorationLock speedFull tech treeHidden civsTurbo modeCheats
Victory
Defeat
🇦🇷 Berbers · Argentina
1653
+12
🇦🇷 Spanish · Argentina
1572
-12
Tebini Koppini
11:14 Feudal Age
14:51 Castle Age
19:55 Loom
21:17 Double-Bit Axe
23:08 Bow Saw
28:28 Fortified Wall
28:31 Inquisition
29:46 Sanctity
29:39 Fervor
30:59 Wheelbarrow
30:10 Town Watch
34:17 Imperial Age
33:05 Fletching
33:43 Ballistics
34:52 Gold Mining
36:39 Scale Barding Armor
37:14 Thumb Ring
36:56 Elite Skirmisher
37:35 Bodkin Arrow
37:40 Padded Archer Armor
38:39 Bracer
38:56 Leather Archer Armor
39:49 Chemistry
40:21 Ring Archer Armor
43:02 Bloodlines
42:53 Husbandry
43:53 Chain Barding Armor
43:44 Forging
43:00 Light Cavalry
44:58 Cavalier
47:14 Plate Barding Armor
47:15 Iron Casting
no one
10:54 Feudal Age
14:24 Castle Age
12:25 Double-Bit Axe
12:47 Horse Collar
15:32 Bow Saw
21:14 Fletching
21:40 Bloodlines
22:38 Wheelbarrow
22:19 Gold Mining
22:58 Town Watch
25:50 Loom
29:14 Imperial Age
27:09 Bodkin Arrow
27:59 Ballistics
27:45 Husbandry
28:25 Padded Archer Armor
31:02 Chemistry
30:10 Bracer
31:14 Conscription
33:12 Leather Archer Armor
37:16 Maghrebi Camels
38:28 Hand Cart
38:13 Town Patrol
39:09 Ring Archer Armor
39:15 Gold Shaft Mining
38:31 Stone Mining
39:47 Light Cavalry
40:36 Scale Barding Armor
41:40 Chain Barding Armor
40:42 Hussar
43:00 Plate Barding Armor
42:36 Forging
43:51 Masonry
46:17 Iron Casting
Connection lost

Rejoining the realm…

Still unreachable

The connection could not be restored.

Session expired

The server has moved on; the page needs a fresh start.